 Dungeon Crawl Stone Soup version 0.29.0-11-gd7f09526c8 (webtiles) character file.

Game seed: 5301091824043335886

483 Arum the Trooper (level 7, -2/56 HPs)
             Began as a Formicid Fighter on Sept 4, 2022.
             Was an Initiate of Okawaru.
             Succumbed to an orc's poison
             ... on level 4 of the Dungeon.
             The game lasted 00:03:15 (3166 turns).

Arum the Trooper (Formicid Fighter)                 Turns: 3166, Time: 00:03:15

Health: -2/56      AC: 13    Str: 20 (23) XL:     7   Next: 34%
Magic:  7/7        EV:  7    Int:  4 (7)  God:    Okawaru [......]
Gold:   230        SH:  4    Dex: 11 (13) Spells: 6/6 levels left

rFire   + . .      SeeInvis +   m - +1 mace (holy)
rCold   . . .      Faith    .   c - +0 buckler
rNeg    . . .      Spirit   .   j - +2 chain mail {rF+}
rPois   .          Reflect  .   (helmet unavailable)
rElec   .          Harm     .   (no cloak)
rCorr   .          Rampage  .   i - +0 pair of gloves
Will    .....                   (no boots)
Stlth   ..........              (no amulet)
HPRegen 0.18/turn               (no ring)
MPRegen 0.10/turn               (no ring)

@: mighty, lethally poisoned (-2 -> -19), attractive
A: permanent stasis, dig shafts and tunnels, antennae 3, four strong arms
a: Dig, Shaft Self, Renounce Religion


You were on level 4 of the Dungeon.
You worshipped Okawaru.
Okawaru was noncommittal.
You visited 2 branches of the dungeon, and saw 5 of its levels.

You collected 230 gold pieces.

Inventory:

Hand Weapons
 a - a +0 flail
 m - a +1 mace of holy wrath (weapon)
Missiles
 n - 6 javelins
Armour
 c - a +0 buckler (worn)
 i - a +0 pair of gloves (worn)
 j - a +2 chain mail of fire resistance (worn)
Scrolls
 b - 2 scrolls of fear {unknown}
 f - 3 scrolls of teleportation {unknown}
 k - a scroll of enchant armour {unknown}
 l - a scroll of poison {unknown}
 o - a scroll of amnesia {unknown}


   Skills:
 + Level 5.6 Fighting
 + Level 4.5 Maces & Flails
 + Level 5.5 Armour
 - Level 4.0 Shields


You had 6 spell levels left.
You didn't know any spells.
Your spell library was empty.

Dungeon Overview and Level Annotations

Branches:
Dungeon (4/15)             Temple (1/1) D:4

Altars:
Dithmenos
Elyvilon
Kikubaaqudgha
Makhleb
Nemelex Xobeh
Okawaru
Qazlal
Ru
Sif Muna
Trog
Uskayaw
Wu Jian
Xom
Yredelemnul
Zin
The Shining One


Innate Abilities, Weirdness & Mutations

You cannot be hasted, slowed, berserked, paralysed or teleported.
You can dig through walls and to a lower floor.
You have a pair of large antennae on your head. (SInv)
Your four strong arms can wield two-handed weapons with a shield.


Message History

You hit the orc wizard.
The orc wizard is almost dead.
You feel extremely sick. The orc barely misses you.
The orc wizard casts a spell at you. The magic dart hits you!
Unknown command.
The orc wizard attacks as you move away!
The orc wizard hits you but does no damage.
You feel very sick.
You feel very sick.
You feel very sick.
It was a potion of haste.
Your stasis prevents you from being hasted.
You feel very sick.
The orc wizard hits you but does no damage.
It was a potion of attraction.
You feel attractive to monsters.
You feel sick.
The orc hits you from afar with a +2 trident of venom.
* * * LOW HITPOINT WARNING * * *
You are lethally poisoned!
The orc wizard hits you with a +0 dagger.
* * * LOW HITPOINT WARNING * * *
Unknown command.
It was a potion of degeneration.
There was something very wrong with that liquid.
You feel weakened.
You feel dopey.
You feel clumsy.
* * * LOW HITPOINT WARNING * * *
You feel sick. The orc hits you but does no damage.
You are more poisoned.
The orc wizard barely misses you.
You feel very mighty all of a sudden.
* * * LOW HITPOINT WARNING * * *
You feel very sick. The orc barely misses you.
You block the orc wizard's attack.
You bludgeon the orc wizard!!
You kill the orc wizard!
Okawaru accepts your kill.
You die...

#..... ..... #...
#o. #o# #o# #o# #)#
#@##.........#
#.##.........#
#.##.........#
#.##.........#
#.##.........+
#.##.........#
#.##.........#
#.....>......#+###
.#######...........


You could see 4 orcs.

Vanquished Creatures
  Sigmund (D:3)
  A phantom (D:4)
  A necrophage (D:4)
  A water moccasin skeleton (D:3)
  A jelly (D:4)
  An orc wizard (D:4)
  A howler monkey zombie (D:3)
  3 adders
  3 adder skeletons (D:3)
  5 dart slugs
  4 orcs (D:3)
  4 bats
  9 endoplasms
  4 giant cockroaches
  9 goblins
  7 hobgoblins
  2 quokkas (D:1)
  4 ball pythons
  A jackal skeleton (D:3)
  A jackal zombie (D:3)
  5 kobolds
  6 rats
74 creatures vanquished.

Vanquished Creatures (others)
  A withered plant (D:3)
1 creature vanquished.

Grand Total: 75 creatures vanquished

Notes
Turn   | Place    | Note
-------+----------+-------------------------------------------
     0 | D:1      | Arum the Formicid Fighter began the quest for the Orb.
     0 | D:1      | Reached XP level 1. HP: 18/18 MP: 1/1
    97 | D:1      | Reached XP level 2. HP: 24/24 MP: 2/2
   332 | D:1      | Reached XP level 3. HP: 21/30 MP: 3/3
   874 | D:2      | Reached XP level 4. HP: 37/37 MP: 4/4
  1211 | D:3      | Noticed Sigmund
  1244 | D:3      | Killed Sigmund
  1245 | D:3      | Reached XP level 5. HP: 5/43 MP: 5/5
  1245 | D:3      | Reached XP level 6. HP: 6/50 MP: 6/6
  1245 | D:3      | HP: 2/50 [adder skeleton (3)]
  1250 | D:3      | HP: 1/50 [adder skeleton (2)]
  1707 | D:3      | Identified the +6 hand axe "Yfinu" {vorpal, rF+}
  1989 | D:3      | Reached skill level 5 in Fighting
  2094 | D:3      | Reached skill level 5 in Armour
  2425 | D:4      | Reached XP level 7. HP: 56/56 MP: 7/7
  2457 | D:4      | Found a staircase to the Ecumenical Temple.
  2469 | Temple   | Entered the Ecumenical Temple
  2507 | Temple   | Became a worshipper of Warmaster Okawaru
  3165 | D:4      | HP: 2/56 [poisoned by an orc]
  3166 | D:4      | Succumbed to an orc's poison

Illustrated notes

Levels and vault maps discovered:
D:1:      psy_arrival_statuary, layout_basic, minmay_strange_pillars
D:2:      layout_rooms
D:3:      layout_basic, serial_undead, serial_undead_f, serial_undead_d,
          serial_undead_d, serial_undead_d, serial_undead_e, serial_undead_a,
          uniq_sigmund
D:4:      layout_basic, minitemple, minmay_temple_entry_arrows,
          roderic_lattice_a, kennysheep_decorative_pillar, uniq_natasha,
          uniq_eustachio
Temple:   regret_index_temple_sphere_string

Skill      XL: |  1  2  3  4  5  6 |
---------------+-------------------+-----
Fighting       | 4 5 |  5.6
Armour         | 4 5 |  5.5
Maces & Flails | 3 4 |  4.5
Shields        | |  4.0

Action                   |  1- 3 |  4- 6 |  7- 9 || total
-------------------------+-------+-------+-------++-------
Melee: Flail             |    68 |   127 |       ||   195
       Mace              |       |    14 |    32 ||    46
 Abil: Dig               |       |     1 |       ||     1
  Use: Potion            |       |       |     4 ||     4
Armor: Scale mail        |    39 |    20 |       ||    59
       Chain mail        |       |    68 |    21 ||    89
Dodge: Dodged            |    30 |    50 |    11 ||    91
Block: Buckler           |    16 |    42 |     8 ||    66
